 Dungeon Crawl Stone Soup version 0.26-a0-597-gb535b0901c (webtiles) character file.

Game seed: 4932666350704123755

25347 ANON1729 the Victor of a Thousand Battles (level 12, -15/99 HPs)
             Began as a Demonspawn Wanderer on Aug 24, 2020.
             Was the Champion of Okawaru.
             Hit by a large rock thrown by a cyclops (20 damage)
             ... on level 13 of the Dungeon.
             The game lasted 00:30:14 (13807 turns).

ANON1729 the Victor of a Thousand Battles (DsWn)   Turns: 13807, Time: 00:30:15

Health: -15/99     AC: 26    Str: 17    XL:     12   Next: 88%
Magic:  21/21      EV:  9    Int: 19    God:    Okawaru [******]
Gold:   616        SH:  0    Dex: 20    Spells: 11/11 levels left

rFire    . . .     SeeInvis .   C - +5 quarterstaff (spect)
rCold    . . .     Faith    .   (shield currently unavailable)
rNeg     . . .     Spirit   .   S - +3 plate armour of the Last Gods {rPois rC- Regen+ Int+6}
rPois    +         Reflect  .   I - +2 hat
rElec    .         Harm     .   (no cloak)
rCorr    .                      h - +1 pair of gloves
MR       .....                  (boots unavailable)
Stlth    ..........             (no amulet)
HPRegen  0.66/turn              w - ring of protection from cold
MPRegen  0.17/turn              u - +6 ring of dexterity

@: sanguine armour
A: hooves 3, demonic guardian 1, spiny 1, sanguine armour 1
a: Heroism, Finesse, Renounce Religion


You were on level 13 of the Dungeon.
You worshipped Okawaru.
Okawaru was exalted by your worship.
You visited 1 branch of the dungeon, and saw 15 of its levels.

You collected 616 gold pieces.

Inventory:

Hand Weapons
 f - a +1 dagger of electrocution
 y - the +2 lajatang of Foolhardiness {flame, +Blink +Rage Str-5 Int+6}
   (Okawaru gifted it to you on level 10 of the Dungeon)

   It has been specially enchanted to burn those struck by it, causing extra
   injury to most foes and up to half again as much damage against particularly
   susceptible opponents.
   Big, fiery blades are also staple armaments of hydra-hunters.
   It affects your strength (-5).
   It affects your intelligence (+6).
   It lets you blink.
   It lets you go berserk.
 C - a +5 spectral quarterstaff (weapon)
Missiles
 b - a throwing net
 F - 6 datura-tipped darts
 K - 19 silver javelins (quivered)
 R - 16 javelins
Armour
 d - a +0 ring mail
 e - a +0 leather armour
 h - a +1 pair of gloves (worn)
 q - a +1 scale mail of cold resistance
 s - a +2 chain mail of poison resistance
 t - a +3 chain mail of fire resistance
 D - the +2 robe "Fajamie" {Harm Str+2}
   (You found it on level 7 of the Dungeon)

   It affects your strength (+2).
   It increases damage dealt and taken.
 I - a +2 hat (worn)
 S - the +3 plate armour of the Last Gods (worn) {rPois rC- Regen+ Int+6}
   (You found it on level 11 of the Dungeon)

   It affects your intelligence (+6).
   It makes you vulnerable to cold.
   It protects you from poison.
   It increases your rate of regeneration.
Jewellery
 c - an uncursed ring of fire
 u - a +6 ring of dexterity (right hand)
 w - a ring of protection from cold (left hand)
 H - an uncursed ring of resist corrosion
 P - an uncursed ring of positive energy {unknown}
Wands
 a - a wand of digging (3)
 E - a wand of flame (18)
 G - a wand of iceblast (12)
 O - a wand of disintegration (16)
Scrolls
 i - 3 scrolls of fear
 j - 3 scrolls of identify
 l - 7 scrolls of remove curse
 m - 2 scrolls of magic mapping
 n - 4 scrolls of blinking {unknown}
 o - 2 scrolls of noise {unknown}
 p - 2 scrolls of immolation {unknown}
 z - 6 scrolls of teleportation
 A - a scroll of enchant weapon {unknown}
 M - 2 scrolls of amnesia {unknown}
 Q - a scroll of torment {unknown}
 T - 3 scrolls of brand weapon {unknown}
Potions
 g - 2 potions of ambrosia
 k - 2 potions of heal wounds {unknown}
 r - 2 potions of berserk rage {unknown}
 v - 3 potions of degeneration {unknown}
 x - 2 potions of curing
 B - 2 potions of magic {unknown}
 J - a potion of brilliance {unknown}
 L - 2 potions of invisibility
 N - 2 potions of lignification


   Skills:
 * Level 10.6 Fighting
   Level 2.6 Long Blades
 + Level 4.8 Staves
 + Level 7.3 Throwing
 + Level 7.7 Armour
 + Level 7.6 Dodging
   Level 4.0 Shields
 * Level 12.7 Invocations
 + Level 5.4 Evocations


You had 11 spell levels left.
You didn't know any spells.
Your spell library contained the following spells:

 Spells                   Type           Power        Failure   Level
 Magic Dart               Conj           #...         100%        1
 Blink                    Tloc           N/A          100%        2
 Call Imp                 Summ           #.......     100%        2
 Slow                     Hex            #.......     100%        2
 Conjure Flame            Conj/Fire      #.......     100%        3
 Mephitic Cloud           Conj/Pois/Air  #.......     100%        3


Dungeon Overview and Level Annotations

Branches:
Dungeon (15/15)            Temple (0/1) D:5            Lair (0/6) D:10
    Orc (0/2) D:10
 Vaults: D:13-14     Depths: D:15

Altars:
Ashenzari
Cheibriados
Makhleb
Okawaru
Qazlal
Sif Muna
Trog
Xom
Yredelemnul
The Shining One


Innate Abilities, Weirdness & Mutations

You have hooves in place of feet.
A weak demonic guardian rushes to your aid.
You are partially covered in sharp spines.
When seriously injured, your bleeding wounds create armour. (AC +6)


Message History

Something bites your iron imp.
Something pecks your iron imp but does no damage.
Something claws your iron imp but does no damage.
Something barely misses your iron imp.
Something completely misses your iron imp.
Something barely misses your iron imp.
Your iron imp hits the bullfrog skeleton!
Something bites your iron imp. Something pecks your iron imp!
Something barely misses your iron imp.
Your iron imp barely misses the bullfrog skeleton.
The cyclops shouts!
The cyclops throws a large rock.
The large rock barely misses your ufetubus.
The large rock hits you!!
* * * LOW HITPOINT WARNING * * *
You see here a large rock.
The wight hits your ufetubus with a cursed +3 mace!
Your ufetubus dies!
The cyclops throws a large rock.
The large rock hits you!!
You die...

#,,* #.)#####.#
#. #.,* #..# *,*
#. #..###..# *,*
#. #......Z# *,*
#. #......T# #.*
#. #..###.z# #.*
#. #.,* #.z# #.*
#. #,,* #.(# #.*
#. *,,* #.@# #.*
#. *,,* #..#
#.#########. *,,*
#..# #...........
*,,* #..#
#..#######.. *,,*
#..# #..# #..
*,,* #..#####..#
#.. *,,*
#C.....(..# #..
******#.........#
#..
*,,,,8,,..###...#
#..


You could see a cyclops, a troll, 2 wights, a bullfrog skeleton and a friendly
+5 spectral quarterstaff (summoned).

Vanquished Creatures
  Gastronok (D:8)
  Harold (D:10)
  2 centaur warriors
  A two-headed ogre (D:8)
  2 skeletal warriors (D:12)
  4 unseen horrors
  A deep elf mage (D:12)
  A manticore (D:11)
  A cyclops (D:14)
  2 centaur zombies
  Psyche (D:10)
  Joseph (D:7)
  A komodo dragon (D:10)
  2 trolls
  A tengu conjurer (D:15)
  6 hippogriffs
  10 slime creatures
  2 wyverns
  16 yaks
  Eustachio (D:5)
  6 vampire mosquitoes
  3 wargs (D:10)
  Edmund (D:5)
  A water moccasin (D:6)
  Duvessa (D:7)
  An acid dragon (D:12)
  3 sky beasts
  5 phantoms
  8 orc warriors
  An ice beast (D:9)
  6 ogres
  A black bear (D:10)
  8 centaurs
  A crocodile (D:10)
  9 bullfrogs
  A big kobold (D:10)
  2 wyvern zombies
  Dowan (D:7)
  8 killer bees
  13 wights
  8 jellies
  A lava snake (D:12)
  A bullfrog zombie (D:8)
  6 hounds
  9 orc priests
  2 bullfrog skeletons
  3 centaur skeletons
  5 iguanas
  12 orc wizards
  5 worker ants
  A killer bee zombie (D:5)
  A hound skeleton (D:8)
  3 gnolls (D:8)
  12 adders
  3 shadow imps
  4 white imps
  2 ufetubi
  An ooze (D:7)
  2 adder skeletons (D:5)
  2 worms
  3 dart slugs
  3 leopard geckos
  46 orcs
  7 giant cockroaches
  6 goblins
  8 hobgoblins
  4 jackals (D:3)
  5 quokkas
  5 bats
  4 frilled lizards
  13 kobolds
  A leopard gecko skeleton (D:5)
  4 rats
  A spectral orc (D:6)
330 creatures vanquished.

Vanquished Creatures (collateral kills)
  A centaur warrior (D:14)
  A freezing wraith (D:12)
  A slime creature (D:12)
  Grinder (D:6)
  A yak (D:11)
  An orc warrior (D:10)
  An ogre (D:6)
  An orc wizard (D:6)
  A gnoll (D:8)
  6 orcs
15 creatures vanquished.

Vanquished Creatures (others)
  A wight (D:12)
  3 plants (D:10)
4 creatures vanquished.

Grand Total: 349 creatures vanquished

Notes
Turn   | Place    | Note
-------+----------+-------------------------------------------
     0 | D:1      | ANON1729 the Demonspawn Wanderer began the quest for the
                  | Orb.
     0 | D:1      | ANON1729 set off with the following items: a +0 dagger, 4
                  | throwing nets, a potion of lignification, a +0 ring mail, a
                  | +0 leather armour
     0 | D:1      | Reached XP level 1. HP: 16/16 MP: 1/1
   451 | D:1      | Gained mutation: You have large cloven feet. [demonic
                  | ancestry]
   451 | D:1      | Reached XP level 2. HP: 11/22 MP: 2/2
  1504 | D:2      | Gained mutation: You are partially covered in sharp spines.
                  | [demonic ancestry]
  1504 | D:2      | Reached XP level 3. HP: 27/28 MP: 3/3
  1994 | D:2      | Found a glowing golden altar of the Shining One.
  2191 | D:3      | Found a glowing golden altar of the Shining One.
  2234 | D:3      | Reached XP level 4. HP: 10/34 MP: 4/4
  3257 | D:4      | Reached XP level 5. HP: 35/41 MP: 5/5
  3269 | D:4      | Noticed an ogre
  3277 | D:4      | Killed an ogre
  3348 | D:4      | Noticed a phantom
  3378 | D:4      | Killed a phantom
  3378 | D:4      | Reached XP level 6. HP: 21/48 MP: 6/6
  3800 | D:5      | Entered Level 5 of the Dungeon
  4007 | D:5      | Gained mutation: A weak demonic guardian rushes to your
                  | aid. [demonic ancestry]
  4007 | D:5      | Reached XP level 7. HP: 54/54 MP: 7/7
  4169 | D:5      | Found a shimmering blue altar of Sif Muna.
  4241 | D:5      | Found a staircase to the Ecumenical Temple.
  4242 | D:5      | Found a faded altar of an unknown god.
  4306 | D:5      | Became a worshipper of Warmaster Okawaru
  4306 | D:5      | Reached * piety under Okawaru
  4337 | D:5      | Noticed Edmund
  4371 | D:5      | Killed Edmund
  4371 | D:5      | Reached skill level 1 in Invocations
  4492 | D:5      | Got a fading rapier
  4551 | D:5      | Found a snail-covered altar of Cheibriados.
  4693 | D:5      | Noticed Eustachio
  4727 | D:5      | Killed Eustachio
  4727 | D:5      | Reached skill level 2 in Invocations
  4921 | D:6      | Reached skill level 3 in Invocations
  4937 | D:6      | Gained mutation: You have hoof-like feet. [demonic
                  | ancestry]
  4937 | D:6      | Reached XP level 8. HP: 51/61 MP: 10/10
  4940 | D:6      | Noticed Grinder
  4950 | D:6      | Paralysed by Grinder for 2 turns
  4954 | D:6      | Killed Grinder
  4954 | D:6      | Reached ** piety under Okawaru
  5047 | D:6      | Found a basalt altar of Yredelemnul.
  5104 | D:6      | Reached skill level 4 in Invocations
  5239 | D:6      | Reached skill level 5 in Fighting
  5512 | D:7      | Reached skill level 5 in Invocations
  5687 | D:7      | Noticed a hippogriff
  5695 | D:7      | Killed a hippogriff
  5745 | D:7      | Reached *** piety under Okawaru
  5745 | D:7      | Reached XP level 9. HP: 41/69 MP: 13/13
  5750 | D:7      | Reached skill level 5 in Armour
  5759 | D:7      | Reached skill level 6 in Invocations
  6210 | D:7      | Noticed Joseph
  6258 | D:7      | Killed Joseph
  6258 | D:7      | Reached skill level 5 in Dodging
  6468 | D:7      | Found a shimmering altar of Xom.
  6472 | D:7      | Got a faintly humming robe
  6483 | D:7      | Identified the +2 robe "Fajamie" {Harm Str+2} (You found it
                  | on level 7 of the Dungeon)
  6530 | D:7      | Reached skill level 5 in Throwing
  6530 | D:7      | Reached skill level 7 in Invocations
  6530 | D:7      | Noticed Dowan
  6531 | D:7      | Noticed Duvessa
  6544 | D:7      | Killed Duvessa
  6546 | D:7      | Killed Dowan
  6731 | D:8      | Noticed Gastronok
  6731 | D:8      | Noticed a centaur warrior
  6770 | D:8      | Found a snail-covered altar of Cheibriados.
  6774 | D:8      | Received a gift from Okawaru
  6800 | D:8      | Killed a centaur warrior
  6800 | D:8      | Reached **** piety under Okawaru
  7017 | D:8      | Found a stormy altar of Qazlal.
  7042 | D:8      | Reached skill level 8 in Invocations
  7069 | D:8      | Reached XP level 10. HP: 79/79 MP: 16/16
  7157 | D:8      | Found a burning altar of Makhleb.
  7263 | D:8      | Killed Gastronok
  7263 | D:8      | Reached ***** piety under Okawaru
  7263 | D:8      | Reached skill level 1 in Staves
  7263 | D:8      | Reached skill level 9 in Invocations
  7263 | D:8      | Reached skill level 1 in Evocations
  7271 | D:8      | Noticed a two-headed ogre
  7277 | D:8      | Killed a two-headed ogre
  7630 | D:9      | Found a bloodstained altar of Trog.
  7716 | D:9      | Received a gift from Okawaru
  7861 | D:9      | Gained mutation: You have hooves in place of feet. [demonic
                  | ancestry]
  7861 | D:9      | Reached XP level 11. HP: 80/87 MP: 18/18
  7915 | D:10     | Entered Level 10 of the Dungeon
  7971 | D:10     | Noticed a centaur warrior
  8565 | D:10     | Killed a centaur warrior
  8565 | D:10     | Reached skill level 10 in Invocations
  8824 | D:10     | Received a gift from Okawaru
  8827 | D:10     | Killed an unseen horror
  8833 | D:10     | Got a smoking lajatang {god gift}
  8834 | D:10     | Identified the +2 lajatang of Foolhardiness {flame, +Blink
                  | +Rage Str-5 Int+6} (Okawaru gifted it to you on level 10 of
                  | the Dungeon)
  9184 | D:10     | Found a shattered altar of Ashenzari.
  9329 | D:10     | Noticed Psyche
  9365 | D:10     | Killed Psyche
  9744 | D:10     | Found a staircase to the Lair.
  9943 | D:10     | Found a staircase to the Orcish Mines.
 10577 | D:11     | Noticed Harold
 10634 | D:10     | Killed Harold
 10634 | D:10     | Received a gift from Okawaru
 10956 | D:11     | Reached skill level 11 in Invocations
 11350 | D:11     | Got a bloodstained plate armour
 11537 | D:10     | Identified the +3 plate armour of the Last Gods {rPois rC-
                  | Regen+ Int+6} (You found it on level 11 of the Dungeon)
 11622 | D:11     | Reached ****** piety under Okawaru
 11647 | D:11     | Received a gift from Okawaru
 11756 | D:11     | Received a gift from Okawaru
 11951 | D:11     | Gained mutation: When seriously injured, your bleeding
                  | wounds create armour. (AC +6) [demonic ancestry]
 11951 | D:11     | Reached XP level 12. HP: 64/97 MP: 20/20
 12389 | D:12     | Noticed a death knight
 12755 | D:12     | Reached skill level 10 in Fighting
 13137 | D:12     | Reached skill level 12 in Invocations
 13386 | D:12     | Reached skill level 5 in Evocations
 13591 | D:13     | You fall into a shaft and drop 2 floors!
 13591 | D:15     | Entered Level 15 of the Dungeon
 13633 | D:15     | Received a gift from Okawaru
 13778 | D:14     | Noticed a centaur warrior
 13784 | D:14     | Killed a centaur warrior
 13784 | D:14     | Received a gift from Okawaru
 13806 | D:13     | HP: 4/99 [cyclops/large rock (22)]
 13807 | D:13     | Hit by a large rock thrown by a cyclops

Illustrated notes

Levels and vault maps discovered:
D:1:      shiori_arrival_oz, layout_loops_ring
D:2:      layout_basic, nicolae_overflow_hidden_temple
D:3:      layout_rooms, tso_metal_star
D:4:      layout_cave_pools
D:5:      layout_basic, kennysheep_slug_shrine, marbit_many_paths,
          nicolae_temple_entry_ecumenical, uniq_eustachio, uniq_edmund
D:6:      layout_rooms, yredelemnul_forgotten_temple_becter, uniq_grinder
D:7:      layout_basic, basic_altar, uniq_duvessa, uniq_joseph
D:8:      layout_gridville, makhleb_heckhound_becter, basic_altar,
          grunt_qazlal_clouds, uniq_gastronok
D:9:      layout_rooms, trog_butcher_becter
D:10:     layout_loops_ring, david_lair_shrubbed, david_orc_1_choice,
          basic_altar, uniq_psyche
D:11:     layout_cave_pools, wad_rectangle_vault, uniq_harold
D:12:     layout_basic
D:13:     layout_long_grid, david_vaults_5, gauntlet_entry_generic,
          serial_bayou_pond_d, chequers_decorated_corner,
          minmay_fractal_squares_5, uniq_rupert
D:14:     layout_gridville, okawaru_ov_weapons_minmay, kennysheep_pointless_box
D:15:     grunt_enter_depths_magical_seal, layout_loops_cross,
          minmay_misc_feat_four_crosses, gammafunk_ghost_berserking_beasts,
          nemelex_diamond_rough_becter, uniq_louise

Skill      XL: |  1  2  3  4  5  6  7  8  9 10 11 12 |
---------------+-------------------------------------+-----
Armour         | 2 3 4 5 6 7 |  7.7
Throwing       | 2 3 4 5 6 7 |  7.3
Dodging        | 2 3 4 5 6 7 |  7.6
Fighting       | 3 4 5 7 8 9 10 | 10.6
Invocations    | 3 5 8 9 11 12 | 12.7
Shields        | 2 3 4 |  4.0
Staves         | 2 3 4 |  4.8
Evocations     | 2 4 5 |  5.4
Long Blades    | |  2.6

Action                   |  1- 3 |  4- 6 |  7- 9 | 10-12 || total
-------------------------+-------+-------+-------+-------++-------
Melee: Dagger            |   164 |    97 |   213 |       ||   474
       Kick              |    27 |    24 |    92 |   194 ||   337
       Quarterstaff      |       |       |    32 |   437 ||   469
       Punch             |       |       |     1 |       ||     1
Throw: Javelin           |       |       |       |    11 ||    11
       Throwing net      |       |       |       |     5 ||     5
Invok: Heroism           |       |       |     3 |     1 ||     4
Evoke: Wand              |       |       |       |    16 ||    16
  Use: Potion            |     2 |     1 |     1 |     3 ||     7
       Scroll            |       |       |       |     5 ||     5
 Stab: Distracted        |       |       |     2 |    11 ||    13
       Sleeping          |       |       |     1 |     1 ||     2
Armor: Leather armour    |    49 |     9 |       |       ||    58
       Skin              |    28 |       |       |       ||    28
       Scale mail        |       |    12 |    68 |       ||    80
       Robe              |       |       |     7 |    41 ||    48
       Plate armour      |       |       |       |   161 ||   161
Dodge: Dodged            |    85 |    42 |   118 |   280 ||   525

Table legend: (Time is in decaauts)
 A = Elapsed time spent in this place.
 B = Non-inter-level travel time spent in this place.
 C = Inter-level travel time spent in this place.
 D = Time resting spent in this place.
 E = Time spent auto-exploring this place.
 F = Levels seen in this place.
 G = Mean time per level.
                   A        B        C        D        E       F      G
               +--------+--------+--------+--------+--------+-----+--------+
         Total |  13919 |  13482 |    437 |   5892 |   4990 |  15 |  927.9 |
       Dungeon |  13919 |  13482 |    437 |   5892 |   4990 |  15 |  927.9 |
               +--------+--------+--------+--------+--------+-----+--------+

Top non-repeatable levels by time:
    D:10: 3132 daAuts
     D:7: 1385 daAuts
     D:1: 1324 daAuts
     D:2: 1198 daAuts
    D:12: 1051 daAuts
    D:11: 1033 daAuts
     D:9: 1000 daAuts
     D:5: 994 daAuts
     D:3: 700 daAuts
     D:4: 659 daAuts
     D:6: 590 daAuts
     D:8: 563 daAuts
    D:15: 177 daAuts
    D:13: 81 daAuts
    D:14: 28 daAuts
